AoeStats
← dice

Arena

509559755Analyzed
2v2 RM · 4d ago on Sep 27, 2026· 71m 41s· 4 players
Game mode
Random Map
Map size
Medium (4 player)
Population
200
Speed
Normal
Resources
Standard
Victory
Conquest
Starting age
Dark Age
Ending age
Imperial Age
RankedLock teamsTeams togetherTeam positionsShared explorationLock speedFull tech treeHidden civsTurbo modeCheats
Victory
Defeat
🇹🇼 Wei · Taiwan
1139
+15
🇹🇼 Persians · Taiwan
1114
+16
🇨🇳 Spanish · China
1145
-16
🇻🇳 Vikings · Vietnam
1104
-15
菜鸟蛋小黄
11:32 Feudal Age
15:28 Castle Age
16:08 Double-Bit Axe
16:19 Gold Mining
17:09 Horse Collar
20:52 Stone Mining
21:59 Padded Archer Armor
24:46 Bow Saw
34:26 Imperial Age
31:44 Loom
32:34 Wheelbarrow
32:41 Leather Archer Armor
32:31 Scale Barding Armor
33:21 Heavy Plow
35:49 Ring Archer Armor
35:38 Husbandry
35:00 Cavalier
36:26 Bloodlines
37:22 Hand Cart
45:23 Pikeman
53:14 Halberdier
59:59 Elite Skirmisher
64:16 Fletching
72:09 Chemistry
Bobgao2008
10:28 Feudal Age
16:03 Castle Age
14:17 Double-Bit Axe
14:34 Horse Collar
15:03 Man-at-Arms
15:53 Scale Mail Armor
16:32 Forging
16:38 Long Swordsman
19:20 Bow Saw
19:03 Loom
19:58 Gold Mining
25:53 Chain Mail Armor
25:46 Heavy Plow
31:37 Gold Shaft Mining
30:53 Stone Mining
33:52 Imperial Age
31:38 Fervor
33:20 Squires
34:13 Two-Handed Swordsman
35:39 Plate Mail Armor
36:24 Two-Man Saw
35:57 Crop Rotation
35:01 Champion
35:36 Capped Ram
37:04 Iron Casting
37:05 Siege Ram
38:46 Conscription
39:52 Blast Furnace
44:24 Fletching
44:35 Padded Archer Armor
44:24 Pikeman
45:25 Bodkin Arrow
46:12 Leather Archer Armor
47:01 Chemistry
46:22 Ballistics
45:58 Murder Holes
46:14 Fortified Wall
46:15 Masonry
45:46 Treadmill Crane
46:42 Elite Skirmisher
56:21 Crossbowman
58:10 Chieftains
58:18 Bogsveigar
58:30 Bracer
59:00 Ring Archer Armor
58:21 Arrowslits
58:43 Siege Engineers
59:09 Architecture
dice
11:03 Feudal Age
13:21 Loom
15:49 Castle Age
14:04 Horse Collar
14:26 Double-Bit Axe
16:36 Bow Saw
16:26 Heavy Plow
21:18 Wheelbarrow
26:20 Husbandry
26:20 Gold Mining
27:18 Scale Barding Armor
27:23 Forging
29:41 Hand Cart
29:58 Chain Barding Armor
30:27 Bloodlines
31:22 Iron Casting
33:01 Town Watch
36:13 Imperial Age
36:16 Town Patrol
36:58 Conscription
36:04 Cavalier
39:23 Chemistry
39:35 Savar
41:09 Plate Barding Armor
41:35 Blast Furnace
40:15 Light Cavalry
45:46 Hussar
47:16 Gold Shaft Mining
49:11 Crop Rotation
49:46 Two-Man Saw
53:56 Kamandaran
54:01 Fletching
54:11 Padded Archer Armor
55:08 Thumb Ring
54:24 Crossbowman
56:30 Ballistics
56:10 Bodkin Arrow
57:38 Leather Archer Armor
63:28 Ring Archer Armor
69:15 Coinage
71:17 Banking
bm489
10:54 Feudal Age
15:00 Castle Age
13:06 Double-Bit Axe
13:15 Horse Collar
16:07 Bow Saw
18:51 Heavy Plow
24:43 Fletching
29:46 Imperial Age
28:06 Thumb Ring
35:05 Bodkin Arrow
39:53 Parthian Tactics
42:31 Bracer
42:52 Bloodlines
46:47 Ballistics
48:17 Wheelbarrow
48:17 Crop Rotation
48:14 Fortified Wall
48:50 Gold Mining
50:04 Hand Cart
50:26 Padded Archer Armor
53:05 Gold Shaft Mining
56:26 Leather Archer Armor
57:13 Chemistry
55:54 Treadmill Crane
57:03 Stone Mining
57:26 Heavy Hei Guang Cavalry
58:07 Husbandry
58:14 Scale Barding Armor
60:14 Caravan
61:33 Chain Barding Armor
61:56 Tuntian
63:21 Conscription
63:29 Ming Guang Armor
65:09 Ring Archer Armor
64:50 Forging
66:03 Elite Tiger Cavalry
Connection lost

Rejoining the realm…

Still unreachable

The connection could not be restored.

Session expired

The server has moved on; the page needs a fresh start.